 Dungeon Crawl Stone Soup version 0.28.0-47-ge53b351184 (webtiles) character file.

Game seed: 4734611722606202809

66 hawla the Stinger (level 3, -6/27 HPs)
             Began as a Draconian Venom Mage on Apr 25, 2022.
             Mangled by a worm (8 damage)
             ... on level 2 of the Dungeon.
             The game lasted 00:05:39 (3371 turns).

hawla the Stinger (Draconian Venom Mage)            Turns: 3371, Time: 00:05:40

Health: -6/27      AC:  5    Str:  7 (10) XL:     3   Next: 96%
Magic:  5/7        EV: 12    Int: 14 (17) God:
Gold:   89         SH:  0    Dex: 10 (11) Spells: 5/8 levels left

rFire   . . .      SeeInvis .   c - +4 short sword
rCold   . . .      Faith    .   (no shield)
rNeg    . . .      Spirit   .   (armour unavailable)
rPois   +          Reflect  .   (helmet restricted)
rElec   .          Harm     .   (no cloak)
rCorr   +          Rampage  .   (no gloves)
Will    .....                   (no boots)
Stlth   +.........              (no amulet)
HPRegen 0.09/turn               g - ring of poison resistance
MPRegen 0.10/turn               a - ring of resist corrosion

@: confused
A: AC +5, unfitting armour, cold-blooded
a: no special abilities


You were on level 2 of the Dungeon.
You visited 1 branch of the dungeon, and saw 3 of its levels.

You collected 89 gold pieces.

Inventory:

Hand Weapons
 c - a +4 short sword (weapon)
Jewellery
 a - a ring of resist corrosion (right hand)
 g - a ring of poison resistance (left hand)
Potions
 e - a potion of heal wounds {unknown}
 f - 2 potions of flight {unknown}
 h - a potion of mutation {unknown}


   Skills:
 + Level 0.4 Fighting
 - Level 1.7 Dodging
 - Level 1.7 Stealth
 + Level 3.1 Spellcasting
 - Level 1.0 Transmutations
 + Level 4.0 Poison Magic


You had 5 spell levels left.
You knew the following spells:

 Your Spells              Type           Power      Damage    Failure   Level
a - Sting                 Tmut/Pois      36%        1d4       8%          1
b - Poisonous Vapours     Pois/Air       14%        N/A       14%         2

Your spell library contained the following spells:

 Spells                   Type           Power      Damage    Failure   Level
 Mephitic Cloud           Conj/Pois/Air  5%         N/A       36%         3
 Olgreb's Toxic Radiance  Pois           13%        N/A       38%         4
 Tukima's Dance           Hex            2%         N/A       54%         3
 Anguish                  Hex/Necr       1%         N/A       91%         4
 Cause Fear               Hex            1%         N/A       91%         4
 Dragon Form              Tmut           2%         N/A       100%        7
 Enfeeble                 Hex            1%         N/A       100%        7
 Dragon's Call            Summ           1%         N/A       100%        9


Dungeon Overview and Level Annotations

Branches:
Dungeon (3/15)

Altars:


Innate Abilities, Weirdness & Mutations

Your plain brown scales are hard. (AC +5)
You cannot fit into any form of body armour.
You are cold-blooded and may be slowed by cold attacks.


Message History

The orc wizard closely misses you. The worm completely misses you.
You hit the orc wizard.
The orc wizard is heavily wounded.
The orc barely misses you.
The orc wizard hits you but does no damage.
The worm bites you.
You completely miss the orc wizard.
The orc wizard is heavily wounded.
The orc misses you. The orc wizard closely misses you.
You hit the orc wizard.
The orc wizard is severely wounded.
The orc closely misses you.
The orc wizard hits you with a +0 dagger.
The worm completely misses you.
You hit the orc wizard.
The orc wizard is almost dead.
The orc misses you.
The orc wizard hits you but does no damage.
The worm closely misses you.
You barely miss the orc wizard.
The orc wizard is almost dead.
The orc hits you but does no damage. The orc wizard casts a spell at you.
You are confused.
The orc misses you.
The orc wizard hits you with a +0 dagger.
You miss the orc wizard.
The orc wizard is almost dead.
The worm closely misses you.
The orc wizard points at you and mumbles some strange words.
The puff of flame hits you!
* * * LOW HITPOINT WARNING * * *
The orc barely misses you.
Your magical contamination has completely faded away.
Unknown command.
It was a potion of degeneration.
There was something very wrong with that liquid.
You feel weakened.
You feel dopey.
You feel clumsy. The orc misses you. The orc wizard closely misses you.
The worm bites you!
You die...

..≈≈P≈..#.#.#.#..#.#.............
..≈≈P≈..#.#.#....#.#.............
...≈≈≈≈.#........#.#.............
..≈≈≈≈..###.##...#.#....#########
.≈≈≈≈≈≈.................# #.
.≈≈≈≈P..###...#..#.#....# #.
)≈≈≈≈≈≈.#####.#§§#.#############.
.≈.≈≈≈P.......§ow#.# #...........
...≈≈≈........§o@#.###.##########
...≈≈≈≈.##########...............
.P.≈≈≈#........##...##.##########
..#≈≈≈#......#.##...##.##########
..#≈≈≈#........##...##...........
..##≈≈#.................########.
.###≈≈#..#####.#####<...#......#.
.# #≈≈##.#.....#########....##.#.
.# #≈###.#.##..†.................


You could see a worm, an orc wizard and an orc.

Vanquished Creatures
  An adder (D:2)
  4 worms (D:2)
  A dart slug (D:1)
  An orc (D:2)
  6 bats
  An endoplasm (D:2)
  3 giant cockroaches
  4 goblins
  5 hobgoblins
  A jackal (D:1)
  3 ball pythons
  3 frilled lizards
  5 kobolds
  6 rats
44 creatures vanquished.

Vanquished Creatures (others)
  2 plants (D:2)
2 creatures vanquished.

Grand Total: 46 creatures vanquished

Notes
Turn   | Place    | Note
-------+----------+-------------------------------------------
     0 | D:1      | hawla the Draconian Venom Mage began the quest for the Orb.
     0 | D:1      | Reached XP level 1. HP: 14/14 MP: 3/3
   539 | D:1      | Reached XP level 2. HP: 20/20 MP: 3/5
   542 | D:1      | Learned a level 2 spell: Poisonous Vapours
  1208 | D:1      | Found a faded altar of an unknown god.
  1348 | D:1      | Found a faded altar of an unknown god.
  1454 | D:1      | Reached XP level 3. HP: 27/27 MP: 6/6
  2624 | D:2      | Reached skill level 4 in Poison Magic
  3371 | D:2      | Mangled by a worm

Illustrated notes

Levels and vault maps discovered:
D:1:      scummos_arrival_forest, layout_loops_ring,
          hellmonk_ecumenical_altar_the_god_not_taken, nrook_mini_backslash,
          minmay_split_cup_large
D:2:      layout_basic, chequers_big_river
D:3:      layout_rooms, bloody_trog, lemuel_round_altar,
          nicolae_ru_great_annihilating_truth, mainiacjoe_overflow_alcove_2,
          uniq_natasha

Skill      XL: |  1  2  3 |
---------------+----------+-----
Spellcasting   | 3 |  3.1
Poison Magic   | 4 |  4.0
Fighting       | |  0.4
Dodging        | |  1.7
Stealth        | |  1.7
Transmutations | |  1.0

Action                   || total
-------------------------++-------
Melee: Unarmed           ||    26
       Tailslap          ||     2
       Punch             ||     1
       Short sword       ||    39
 Cast: Sting             ||    39
       Poisonous Vapours ||    27
  Use: Scroll            ||     2
       Potion            ||     1
Armor: Skin              ||    37
Dodge: Dodged            ||   102
